 Dungeon Crawl Stone Soup version 0.28.0 (webtiles) character file.

Game seed: 5952450224105924967

20468 Amplified the Blocker (level 12, -3/116 HPs)
             Began as a Minotaur Fighter on Feb 6, 2022.
             Was an Initiate of Gozag.
             Collided with a rock wall (14 damage)
             ... caused by a wretched star
             ... on level 3 of the Abyss on Feb 7, 2022.
             The game lasted 00:23:32 (13781 turns).

Amplified the Blocker (Minotaur Fighter)           Turns: 13781, Time: 00:23:34

Health: -3/116     AC: 25    Str: 26    XL:     12   Next: 45%
Magic:  11/11      EV:  7    Int:  3    God:    Gozag
Gold:   274        SH: 17    Dex: 13    Spells: 11/11 levels left

rFire   + + .      SeeInvis +   a - +1 war axe (protect)
rCold   . . .      Faith    +   H - +5 kite shield
rNeg    . . .      Spirit   .   s - +4 chain mail
rPois   +          Reflect  .   (helmet restricted)
rElec   .          Harm     .   n - +1 cloak
rCorr   .          Rampage  .   p - +2 pair of gloves
Will    .....                   (no boots)
Stlth   ..........              c - amulet of Lady Luck {Faith rF++ Dex+3 SInv}
HPRegen 0.29/turn               J - +4 ring of slaying
MPRegen 0.12/turn               y - +4 ring of protection

@: hasted, very quick
A: horns 2, retaliatory headbutt, dopey 1, poison resistance
a: Renounce Religion, Potion Petition, Call Merchant, Bribe Branch


You were on level 3 of the Abyss.
You worshipped Gozag.
Gozag was aware of your devotion.
You visited 3 branches of the dungeon, and saw 15 of its levels.
You visited the Abyss 1 time.
You also visited: Ice Cave and Volcano.

You collected 3218 gold pieces.
You spent 552 gold pieces at shops.
You paid 2392 gold pieces to Gozag.

Inventory:

Hand Weapons
 a - a +1 war axe of protection (weapon)
Missiles
 e - 24 poisoned darts (quivered)
 E - a throwing net
Armour
 n - a +1 cloak (worn)
 p - a +2 pair of gloves (worn)
 s - a +4 chain mail (worn)
 H - a +5 kite shield (worn)
Jewellery
 c - the amulet of Lady Luck (around neck) {Faith rF++ Dex+3 SInv}
   (You found it on level 12 of the Dungeon)

   [amulet of faith]

   It allows you to gain divine favour quickly.
   Dex:       It affects your dexterity (+3).
   rF:        It greatly protects you from fire.
   SInv:      It lets you see invisible.
 k - an amulet of magic regeneration
 o - a ring of flight
 u - a ring of positive energy
 y - a +4 ring of protection (right hand)
 J - a +4 ring of slaying (left hand)
Wands
 j - a wand of flame (7)
Scrolls
 g - 3 scrolls of noise
 i - 2 scrolls of brand weapon
 q - a scroll of torment
 r - a scroll of identify
 t - a scroll of vulnerability
 v - a scroll of summoning
 w - a scroll of immolation
 x - a scroll of blinking
 C - a scroll of fog
 I - a scroll of fear
Potions
 d - 5 potions of attraction
 h - a potion of flight
 l - 2 potions of brilliance
 D - 2 potions of degeneration
 G - 2 potions of magic
 L - 2 potions of might


   Skills:
 * Level 13.6 Fighting
 * Level 13.3(13.4) Axes
 - Level 1.4(8.7) Maces & Flails
 + Level 10.4 Armour
 * Level 13.8 Shields


You had 11 spell levels left.
You didn't know any spells.
Your spell library contained the following spells:

 Spells                   Type           Power      Damage    Failure   Level
 Animate Skeleton         Necr           0%         N/A       99%         1
 Apportation              Tloc           0%         N/A       99%         1
 Summon Small Mammal      Summ           0%         N/A       99%         1
 Ensorcelled Hibernation  Hex/Ice        0%         N/A       100%        2
 Ozocubu's Armour         Ice            0%         N/A       100%        3
 Spider Form              Tmut/Pois      0%         N/A       100%        3
 Airstrike                Air            0%         N/A       100%        4
 Anguish                  Hex/Necr       0%         N/A       100%        4
 Summon Lightning Spire   Summ/Air       0%         N/A       100%        4
 Lightning Bolt           Conj/Air       0%         1d11      100%        5
 Metabolic Englaciation   Hex/Ice        0%         N/A       100%        5
 Simulacrum               Ice/Necr       0%         N/A       100%        6


Dungeon Overview and Level Annotations

Branches:
Dungeon (13/15)            Temple (0/1) D:6            Lair (1/6) D:10
    Orc (1/2) D:11          IceCv (visited)         Volcano (visited)
 Vaults: D:13-14

Altars:
Ashenzari
Cheibriados
Gozag
Hepliaklqana
Kikubaaqudgha
Makhleb
Nemelex Xobeh
Okawaru
Sif Muna
Uskayaw
Vehumet
Wu Jian
Xom

Shops:
D:2 =   D:10 **?


Innate Abilities, Weirdness & Mutations

You have a pair of horns on your head.
You reflexively headbutt those who attack you in melee.
You are dopey. (Int -2)
Your system is resistant to poisons. (rPois)


Message History

Unknown command.
You barely miss the smoke demon. Your headbutt misses the smoke demon.
The smoke demon is severely wounded.
The smoke demon hits you but does no damage.
You block the smoke demon's attack. x2
Unknown command.
You hit the smoke demon. You headbutt the smoke demon.
The smoke demon is almost dead.
The smoke demon hits you but does no damage.
You block the smoke demon's attack. x2
Unknown command.
You hit the smoke demon.
You kill the smoke demon!
That felt strangely unrewarding.
Unknown command.
Okay, then.
Okay, then.
Okay, then.
Okay, then.
Okay, then.
Unknown command.
Okay, then.
Unknown command.
As you read the scroll of enchant weapon, it crumbles to dust.
Your +0 war axe of protection glows red for a moment.
You start resting.
A wretched star comes into view.
You feel yourself speed up.
The wretched star glows turbulently.
The lance of force hits you!!
You are knocked back by the lance of force.
You slam into the rock wall!
* * * LOW HITPOINT WARNING * * *
The wretched star glows turbulently.
The lance of force hits you!!
* * * LOW HITPOINT WARNING * * *
You are knocked back by the lance of force.
You slam into the rock wall!
You die...
Your body crumbles into a pile of gold.

# # #.# # ###
..# # .
#####.###....#
# #...#....##
# .
###@*#....# #
#..#.#.## .. .
#..### ####. .
#... . . #.
........ 3 .
.####.. ## #.3
. .. # #.. ..
... ... . .# .
# . ..


You could see a wretched star.

Vanquished Creatures
  Gastronok (D:8)
  A starcursed mass (Abyss:3)
  2 two-headed ogres (D:9)
  2 large abominations (Abyss:3)
  3 ugly things
  3 cyclopes
  2 deep elf pyromancers (D:12)
  2 manticores
  A toenail golem (Volcano)
  A gargoyle (D:11)
  A smoke demon (Abyss:3)
  An orange demon (Abyss:3)
  An ice statue (D:12)
  An unseen horror (D:12)
  A komodo dragon (D:10)
  An ice devil (D:12)
  3 trolls
  3 polar bears (D:12)
  Grinder (D:4)
  4 shadows
  A small abomination (Abyss:3)
  3 wraiths
  4 yaks (D:10)
  A dire elephant simulacrum (IceCv)
  Grum (D:10)
  2 humans (D:8)
  4 vampire mosquitoes (D:13)
  A two-headed ogre zombie (D:11)
  An acid dragon (D:11)
  Duvessa (D:6)
  2 hell hounds (Orc:1)
  2 water moccasins (D:5)
  A black bear (D:7)
  8 orc warriors
  7 ice beasts
  2 sky beasts
  7 centaurs
  3 wolves (D:10)
  3 ogres
  A phantom (D:7)
  The ghost of ospish the Digger, an amateur GrEE (D:3)
  A kobold brigand (D:8)
  Blork the orc (D:6)
  A bullfrog (D:8)
  4 gnoll sergeants
  2 scorpions
  Dowan (D:6)
  2 elephant simulacra (IceCv)
  7 wights (D:8)
  4 killer bees (D:10)
  2 howler monkeys (D:11)
  2 bullfrog zombies
  2 jellies
  2 centaur zombies
  9 orc priests
  2 bullfrog skeletons (D:7)
  A hound (D:3)
  A gnoll shaman (D:7)
  Crazy Yiuf (D:6)
  4 iguanas (D:5)
  9 orc wizards
  Natasha (thrice) (D:4)
  A killer bee zombie (D:5)
  7 ogre zombies (D:11)
  2 hound zombies (D:5)
  16 gnolls
  2 adders
  5 white imps
  An adder skeleton (D:4)
  2 worms
  3 dart slugs
  45 orcs
  7 endoplasms
  2 giant cockroaches (D:3)
  2 goblins
  2 hobgoblins (D:2)
  2 jackals
  3 quokkas
  6 ball pythons
  7 bats
  5 frilled lizards
  3 goblin skeletons (D:11)
  3 goblin zombies (D:11)
  A hobgoblin skeleton (D:11)
  5 hobgoblin zombies (D:11)
  19 kobolds
  2 orc skeletons (D:11)
  11 orc zombies (D:11)
  6 rats
322 creatures vanquished.

Vanquished Creatures (collateral kills)
  A two-headed ogre (D:12)
  2 manticores (D:12)
  A troll (D:12)
  2 vampire mosquitoes (D:12)
  An orc warrior (D:12)
  An orc (D:12)
8 creatures vanquished.

Vanquished Creatures (others)
  4 plants (D:10)
  2 withered plants (D:3)
6 creatures vanquished.

Grand Total: 336 creatures vanquished

Notes
Turn   | Place    | Note
-------+----------+-------------------------------------------
     0 | D:1      | Amplified the Minotaur Fighter began the quest for the Orb.
     0 | D:1      | Reached XP level 1. HP: 19/19 MP: 0/0
    45 | D:1      | Reached XP level 2. HP: 24/27 MP: 1/1
   539 | D:2      | Found Hifeod's One-of-a-Kind Rings.
   577 | D:2      | Reached XP level 3. HP: 33/33 MP: 2/2
  1161 | D:3      | Found an opulent altar of Gozag.
  1169 | D:3      | Became a worshipper of Gozag Ym Sagoz the Greedy
  1208 | D:3      | Found a faded altar of an unknown god.
  1216 | D:3      | Found a runed translucent door.
  1216 | D:3      | Noticed ospish's ghost (amateur GrEE)
  1454 | D:4      | Noticed Natasha
  1467 | D:4      | Killed Natasha
  1468 | D:4      | Reached XP level 4. HP: 25/41 MP: 3/3
  1520 | D:4      | Noticed Natasha
  1534 | D:4      | Killed Natasha
  1618 | D:4      | Found a snail-covered altar of Cheibriados.
  1636 | D:4      | Found a broken altar of Ashenzari.
  1675 | D:4      | Noticed Natasha
  1683 | D:4      | Killed Natasha
  1684 | D:4      | Reached XP level 5. HP: 38/47 MP: 4/4
  1789 | D:4      | Noticed Grinder
  1793 | D:4      | Killed Grinder
  1794 | D:4      | Reached skill level 5 in Fighting
  1794 | D:4      | Reached skill level 5 in Shields
  1794 | D:4      | Reached XP level 6. HP: 56/56 MP: 5/5
  1895 | D:4      | Found a sparkling altar of Nemelex Xobeh.
  2524 | D:5      | Entered Level 5 of the Dungeon
  2525 | D:5      | Noticed a sky beast
  2535 | D:5      | Reached skill level 5 in Axes
  2542 | D:5      | Killed a sky beast
  2543 | D:5      | Reached skill level 5 in Armour
  2543 | D:5      | Reached XP level 7. HP: 62/63 MP: 6/6
  2699 | D:5      | Reached XP level 8. HP: 56/71 MP: 7/7
  3428 | D:6      | Noticed Dowan
  3429 | D:6      | Noticed Duvessa
  3440 | D:6      | Killed Dowan
  3446 | D:6      | Killed Duvessa
  3765 | D:6      | Found a runed translucent door.
  3766 | D:6      | Noticed Crazy Yiuf
  3861 | D:6      | Found an ornate altar of the Wu Jian Council.
  3904 | D:6      | Noticed Blork the orc
  3920 | D:6      | Killed Blork the orc
  3987 | D:6      | Found a staircase to the Ecumenical Temple.
  4397 | D:7      | Found a shimmering altar of Xom.
  4506 | D:7      | Found a radiant altar of Vehumet.
  4699 | D:7      | Noticed a cyclops
  5058 | D:6      | Killed Crazy Yiuf
  5331 | D:3      | Found an ancient bone altar of Kikubaaqudgha.
  5863 | D:3      | Reached XP level 9. HP: 67/81 MP: 8/8
  6248 | D:3      | Killed ospish's ghost
  6867 | D:7      | Killed a cyclops
  7011 | D:7      | Found a shimmering blue altar of Sif Muna.
  7633 | D:8      | Found an iron altar of Okawaru.
  7827 | D:8      | Reached skill level 10 in Shields
  7882 | D:8      | Noticed Gastronok
  7906 | D:8      | Killed Gastronok
  7907 | D:8      | Reached skill level 10 in Fighting
  7907 | D:8      | Reached XP level 10. HP: 93/93 MP: 9/9
  8046 | D:8      | Reached skill level 10 in Axes
  8122 | D:8      | Found a burning altar of Makhleb.
  8342 | D:8      | Found a hazy altar of Hepliaklqana.
  8343 | D:8      | Found a faded altar of an unknown god.
  8640 | D:8      | Gained mutation: You are dopey. (Int -2) [potion of
                  | mutation]
  8640 | D:8      | Gained mutation: Your system is resistant to poisons.
                  | (rPois) [potion of mutation]
  8765 | D:9      | Noticed a two-headed ogre
  8766 | D:9      | Noticed a two-headed ogre
  8784 | D:9      | Killed a two-headed ogre
  8798 | D:9      | Killed a two-headed ogre
  9016 | D:9      | Noticed a five-headed hydra
  9031 | D:10     | Entered Level 10 of the Dungeon
  9700 | D:10     | Noticed Grum
  9724 | D:10     | Killed Grum
  9725 | D:10     | Reached XP level 11. HP: 74/102 MP: 10/10
 10085 | D:10     | Found Nyketimp's Specific Store.
 10088 | D:10     | Found Anexaum's General Store.
 10093 | D:10     | Bought a potion of haste for 150 gold pieces
 10101 | D:10     | Bought a scroll of enchant armour for 112 gold pieces
 10101 | D:10     | Bought a scroll of enchant armour for 112 gold pieces
 10208 | D:10     | Found a staircase to the Lair.
 10385 | D:11     | Found a staircase to the Orcish Mines.
 10401 | D:11     | Reached skill level 1 in Maces & Flails
 10426 | D:11     | Identified the +0 great mace of Lyefets {freeze, Dex+2}
 10738 | D:9      | Found a hide-covered altar of Uskayaw.
 11565 | D:12     | Noticed a deep elf pyromancer
 11565 | D:12     | Noticed a purple ugly thing
 11571 | D:12     | Found a frozen archway.
 11575 | D:12     | Noticed a deep elf pyromancer
 11578 | D:12     | Noticed a two-headed ogre
 11583 | D:12     | Killed a deep elf pyromancer
 11588 | D:12     | Killed a two-headed ogre
 11722 | IceCv    | Entered an ice cave
 11722 | IceCv    | Noticed a white ugly thing
 11732 | IceCv    | Found a transporter.
 11741 | IceCv    | Noticed a white ugly thing
 11759 | IceCv    | Killed a white ugly thing
 11766 | IceCv    | Found a transporter.
 12122 | D:12     | Reached XP level 12. HP: 105/113 MP: 11/11
 12350 | D:12     | Reached skill level 10 in Armour
 12613 | D:12     | Identified the amulet of Lady Luck {Faith rF++ Dex+3 SInv}
 13230 | D:10     | Bought a scroll of fog for 34 gold pieces
 13230 | D:10     | Bought a scroll of fog for 34 gold pieces
 13230 | D:10     | Bought a scroll of teleportation for 51 gold pieces
 13230 | D:10     | Bought a scroll of fear for 59 gold pieces
 13307 | Lair:1   | Entered Level 1 of the Lair of Beasts
 13310 | Lair:1   | Noticed a five-headed hydra
 13355 | Orc:1    | Entered Level 1 of the Orcish Mines
 13404 | Orc:1    | Found a dark tunnel.
 13421 | Volcano  | Entered a volcano
 13436 | Volcano  | Cast into level 3 of the Abyss (a wizard)
 13517 | Abyss:3  | Found a corrupted altar of Lugonu.
 13521 | Abyss:3  | Noticed a starcursed mass
 13559 | Abyss:3  | Killed a starcursed mass
 13781 | Abyss:3  | Collided with a rock wall

Illustrated notes

Levels and vault maps discovered:
D:1:      minmay_arrival_semitransparent, layout_rooms, minmay_pentomino_q2
D:2:      layout_rooms, minmay_misc_feat_chi, nicolae_shop_unique_rings,
          minmay_fractal_squares_5
D:3:      layout_loops_ring, kiku_gazebo_garden_becter, grunt_gozag_statues,
          gammafunk_ghost_grave, ebering_ecumenical_altar_petrified,
          minivault_11
D:4:      layout_basic, nemelex_spade_bored_becter, cheibriados_altar_1,
          nicolae_overflow_hidden_temple, minivault_5, uniq_natasha,
          uniq_grinder
D:5:      minmay_angry_zag, layout_basic
D:6:      layout_basic, nicolae_overflow_crystal_walls, temple_pool_b,
          minmay_splitting_lines, uniq_duvessa, uniq_blork_the_orc,
          uniq_crazy_yiuf_cottage
D:7:      layout_layer_cave, old_standard_altar,
          mainiacjoe_overflow_surrounded_room, mainiacjoe_overflow_24_doors
D:8:      layout_basic, lemuel_crystal_altar,
          beargit_hepliaklqana_dungeon_heroes, okawaru_humans, uniq_gastronok
D:9:      layout_roguey, lemuel_doored_altar, serial_rivers,
          chequers_serial_rivers_marsh, chequers_serial_rivers_micro_b,
          chequers_serial_rivers_small_b, chequers_serial_rivers_small_b,
          chequers_serial_rivers_small_3
D:10:     layout_irregular_city, david_lair_shrubbed, nicolae_specific_store,
          chequers_serial_rivers_micro_b, uniq_grum
D:11:     layout_roguey [special_room_orc], zombieorc2_lemuel,
          minmay_statues_item
D:12:     layout_rooms, portal_ice_cave_entry_pillars_1, kennysheep_nub,
          small_statue_intersection, ice2_lemuel
D:13:     layout_long_grid
Lair:1:   minmay_guarded_unrand_snakebite, layout_hall_layers,
          nicolae_quartered_pool_super
Orc:1:    layout_diamond_mine, enter_volcano_3, gammafunk_ghost_smash,
          serial_shops, nicolae_diamond_shop
Abyss:3:  base: D:9, base: Lair:5, minivault_19, evilmike_abyss_exit_15
Volcano:  volcano_bunker

Skill      XL: |  1  2  3  4  5  6  7  8  9 10 11 12 |
---------------+-------------------------------------+-----
Fighting       | 4 5 6 8 10 11 12 13 | 13.6
Shields        | 4 5 6 7 8 10 11 13 | 13.8
Axes           | 3 4 5 6 7 9 11 12 13 | 13.3
Armour         | 4 5 6 7 8 9 10 | 10.4
Maces & Flails | 1 |  1.4

Action                   |  1- 3 |  4- 6 |  7- 9 | 10-12 || total
-------------------------+-------+-------+-------+-------++-------
Melee: War axe           |    96 |    20 |   307 |   613 ||  1036
       Headbutt          |    14 |     7 |    61 |   159 ||   241
Throw: Dart              |       |     3 |     2 |     4 ||     9
       Throwing net      |       |       |       |     1 ||     1
Invok: Potion Petition   |       |       |       |     3 ||     3
       Call Merchant     |       |       |       |     1 ||     1
Evoke: Wand              |       |     6 |     3 |     5 ||    14
  Use: Scroll            |     4 |     4 |     6 |    21 ||    35
       Potion            |     1 |       |     6 |    17 ||    24
 Stab: Distracted        |       |       |     1 |     6 ||     7
       Invisible         |       |       |       |     2 ||     2
Armor: Scale mail        |    48 |    11 |   146 |    17 ||   222
       Skin              |       |       |    17 |    19 ||    36
       Chain mail        |       |       |       |   300 ||   300
Dodge: Dodged            |    42 |     7 |   107 |   126 ||   282
Block: Buckler           |    19 |     3 |    68 |     3 ||    93
       Kite shield       |       |       |       |   410 ||   410
